 Dungeon Crawl Stone Soup version 0.28.0-45-g0d030f2227 (webtiles) character file.

Game seed: 11960021127220577909

33 Descartes the Ruffian (level 3, 0/36 HPs)
             Began as a Troll Delver on Apr 13, 2022.
             Slain by a hound (3 damage)
             ... on level 5 of the Dungeon.
             The game lasted 00:00:18 (42 turns).

Descartes the Ruffian (Troll Delver)                  Turns: 42, Time: 00:00:18

Health: 0/36       AC:  4    Str: 20    XL:     3   Next: 12%
Magic:  2/2        EV:  9    Int:  8    God:
Gold:   0          SH:  0    Dex: 11    Spells: 2/2 levels left

rFire   . . .      SeeInvis .     - Unarmed
rCold   . . .      Faith    .   (no shield)
rNeg    . . .      Spirit   .   a - +0 robe
rPois   .          Reflect  .   (helmet restricted)
rElec   .          Harm     .   (no cloak)
rCorr   .          Rampage  .   (gloves unavailable)
Will    .....                   (boots unavailable)
Stlth   ++........              (no amulet)
HPRegen 0.92/turn               (no ring)
MPRegen 0.08/turn               (no ring)

@: no status effects
A: large, unfitting armour, claws 3, regeneration 1, shaggy fur 1, tough skin 1
a: no special abilities


You were on level 5 of the Dungeon.
You visited 1 branch of the dungeon, and saw 1 of its levels.

Inventory:

Armour
 a - a +0 robe (worn)
Wands
 f - a wand of digging (3)
Scrolls
 b - a scroll of fog
 c - a scroll of magic mapping
 d - a scroll of fear
Potions
 e - a potion of haste


   Skills:
 - Level 2.4 Fighting
 - Level 1.5 Dodging
 - Level 2.7 Stealth
 + Level 3.6 Unarmed Combat


You had 2 spell levels left.
You didn't know any spells.
Your spell library was empty.

Dungeon Overview and Level Annotations

Branches:
Dungeon (5/15)
 Temple: D:4-7

Altars:


Innate Abilities, Weirdness & Mutations

You are too large for most types of armour.
You have claws for hands.
Your natural rate of healing is unusually fast.
You are covered in fur. (AC +1)
You have tough skin. (AC +1)


Message History

You are too injured to fight recklessly!
You are too injured to fight recklessly!
You are too injured to fight recklessly!
You are too injured to fight recklessly!
You are too injured to fight recklessly!
You are too injured to fight recklessly!
You are too injured to fight recklessly!
You are too injured to fight recklessly!
You are too injured to fight recklessly!
You are too injured to fight recklessly!
You are too injured to fight recklessly!
You are too injured to fight recklessly!
You are too injured to fight recklessly!
You are too injured to fight recklessly!
You are too injured to fight recklessly!
You are too injured to fight recklessly!
Unknown command.
You scratch the hound but do no damage.
The hound is lightly wounded.
The hound bites you.
The centaur shoots an arrow.
The arrow hits you.
* * * LOW HITPOINT WARNING * * *
The hound bites you.
* * * LOW HITPOINT WARNING * * *
The howler monkey hits you.
* * * LOW HITPOINT WARNING * * *
An adder comes into view.
An orc comes into view. It is wielding a +0 club.
The black bear bites you.
* * * LOW HITPOINT WARNING * * *
The black bear closely misses you.
The black bear claws you but does no damage.
The hound bites you.
* * * LOW HITPOINT WARNING * * *
A water moccasin skeleton and an iguana come into view.
The howler monkey barely misses you.
The iguana hisses menacingly.
Number of times to repeat, then command key: You must enter the number of times for the command to repeat.
The hound bites you.
You die...

..#.. #. ....
##.. #..##
.#..# +.))##
...#
#.o.##.lZ#
##S..#...#..
####.hc.......
#....hh##..##
#.....@## .#
#.......# .
####..#.#
#..#.##
#..#..#
#[..#.#
#.#.#.#
#.#...##
#.##...#


You could see a black bear, a centaur, a howler monkey, an iguana, a hound, an
adder and an orc.

Vanquished Creatures
  A hound (D:5)
  2 orcs (D:5)
3 creatures vanquished.

Notes
Turn   | Place    | Note
-------+----------+-------------------------------------------
     0 | D:5      | Descartes the Troll Delver began the quest for the Orb.
     0 | D:5      | Reached XP level 1. HP: 22/22 MP: 0/0
    15 | D:5      | Noticed a hound
    18 | D:5      | Killed a hound
    19 | D:5      | Reached skill level 3 in Unarmed Combat
    19 | D:5      | Reached XP level 2. HP: 25/29 MP: 1/1
    19 | D:5      | Reached XP level 3. HP: 31/36 MP: 2/2
    34 | D:5      | Noticed a black bear
    34 | D:5      | Noticed a centaur
    40 | D:5      | HP: 1/36 [hound (1)]
    42 | D:5      | Slain by a hound

Illustrated notes

Levels and vault maps discovered:
D:5:      layout_basic, mainiacjoe_overflow_surrounded_room,
          kennysheep_little_box, minmay_temple_entry_waves

Skill      XL: |  1 |
---------------+----+-----
Unarmed Combat | 3 |  3.6
Fighting       | |  2.4
Dodging        | |  1.5
Stealth        | |  2.7

Action                   || total
-------------------------++-------
Melee: Unarmed           ||     8
Armor: Robe              ||     1
Dodge: Dodged            ||     5
